 Dungeon Crawl Stone Soup version 0.28.0-62-gf88900778d (webtiles) character file.

Game seed: 12780576070003847787

4 cbfl8 the Sneak (level 1, 0/12 HPs)
             Began as a Kobold Brigand on June 24, 2023.
             Slain by an endoplasm (2 damage)
             ... on level 1 of the Dungeon.
             The game lasted 00:00:26 (190 turns).

cbfl8 the Sneak (Kobold Brigand)                     Turns: 190, Time: 00:00:27

Health: 0/12       AC:  3    Str:  8    XL:     1   Next: 77%
Magic:  1/1        EV: 14    Int: 12    God:
Gold:   0          SH:  0    Dex: 16    Spells: 0/0 levels left

rFire   + . .      SeeInvis .   a - +2 dagger
rCold   . . .      Faith    .   (no shield)
rNeg    . . .      Spirit   .   b - +0 robe
rPois   .          Reflect  .   (no helmet)
rElec   .          Harm     .   c - +0 cloak
rCorr   .          Rampage  .   (no gloves)
Will    .....                   (no boots)
Stlth   ++++......              (no amulet)
HPRegen 0.04/turn               f - ring of protection from fire
MPRegen 0.07/turn               (no ring)

@: no status effects
A: small, no large weapons, nightstalker 3
a: no special abilities


You were on level 1 of the Dungeon.
You visited 1 branch of the dungeon, and saw 1 of its levels.

Inventory:

Hand Weapons
 a - a +2 dagger (weapon)
Missiles
 d - 8 poisoned darts (quivered)
 e - 2 curare-tipped darts
Armour
 b - a +0 robe (worn)
 c - a +0 cloak (worn)
Jewellery
 f - a ring of protection from fire (left hand)
Scrolls
 g - a scroll of identify {unknown}
 i - a scroll of teleportation {unknown}
Potions
 h - a potion of flight {unknown}


   Skills:
 + Level 2.2 Fighting
 + Level 2.7 Short Blades
 + Level 2.2 Throwing
 * Level 0.1 Armour
 * Level 1.3 Dodging
 + Level 5.5 Stealth
 * Level 0.2 Evocations


You couldn't memorise any spells.
You didn't know any spells.
Your spell library was empty.

Dungeon Overview and Level Annotations

Branches:
Dungeon (1/15)

Altars:


Innate Abilities, Weirdness & Mutations

You are small and have problems with some larger weapons.
You are completely attuned to the shadows.


Message History

A jackal comes into view.
There are monsters nearby!
The helpless bat fails to defend itself.
You impale the bat!!
You kill the bat!
There are monsters nearby!
You hit the jackal but do no damage.
The kobold shouts! x2; The jackal barks!
The kobold throws a stone.
The stone closely misses you.
A rat comes into view.
The jackal bites you but does no damage.
You hit the jackal.
The jackal is heavily wounded.
The jackal barely misses you. The kobold misses you.
You closely miss the jackal.
The jackal is heavily wounded.
The jackal bites you but does no damage.
The jackal bites you.
The kobold throws a stone.
The stone hits you but does no damage. The kobold barely misses you.
You hit the jackal.
The jackal is severely wounded.
The jackal misses you.
The jackal bites you but does no damage.
The kobold throws a stone.
The stone hits you but does no damage. The endoplasm barely misses you.
The kobold closely misses you.
The dart slug bites you but does no damage.
Unknown command.
You barely miss the jackal.
The jackal is severely wounded.
The jackal bites you. x2
The endoplasm freezes you.
You are frozen.
* * * LOW HITPOINT WARNING * * *
The jackal completely misses you.
The jackal bites you but does no damage.
You are too injured to fight recklessly!
Unknown command.
You are too injured to fight recklessly!
The kobold barely misses you. The rat misses you. The endoplasm hits you.
You die...

#.# #.# ###.# #.#
#.... ####
#.#########.#.(
.....##.##.....##.###
.....##.##.....##.###
.....##........##.#..
.....'.........'.....
..KJ@#####.....##....
...rhK...#.....##....
...wh....##........†.
#........ ...........
#........ ........##.
#........ .........#.
.........+.
.........#.
#####....#.


You could see a dart slug, an endoplasm, 2 jackals, 2 kobolds and a rat.

Vanquished Creatures
  3 bats (D:1)
  A hobgoblin (D:1)
4 creatures vanquished.

Notes
Turn   | Place    | Note
-------+----------+-------------------------------------------
     0 | D:1      | cbfl8 the Kobold Brigand began the quest for the Orb.
     0 | D:1      | Reached XP level 1. HP: 12/12 MP: 1/1
   190 | D:1      | Slain by an endoplasm

Illustrated notes

Levels and vault maps discovered:
D:1:      amcnicky_arrival_blooded_trapdoor, layout_basic, nrook_mini_backslash

Action                   || total
-------------------------++-------
Melee: Dagger            ||     9
 Stab: Sleeping          ||     4
Armor: Robe              ||     7
Dodge: Dodged            ||    10
